EL
BIRMINGHAM BARONS @ FRISCO ROUGHRIDERS
06/25/2048
 
TOP OF THE 1ST
Birmingham Barons batting - Pitching for Frisco RoughRiders : RHP Jeff Kidd
Pitching: RHP Jeff Kidd
Batting: LHB Dalton Silveira 0-0: Ball
1-0: Ball
2-0: Ball
3-0: Called Strike
3-1: Ground out 5-3 (Groundball, 56S, EV 83.8 MPH)
Batting: LHB Larry Myers 0-0: Called Strike
0-1: Ball
1-1: Ball
2-1: Ground out U3 (Groundball, 3, EV 97.5 MPH)
Batting: SHB Ruben Velasco Jr. 0-0: Ball
1-0: Ball
2-0: Ball
3-0: Base on Balls
Batting: LHB Matt Hyde 0-0: Called Strike
0-1: Ball
1-1: SINGLE (Groundball, 4MD, EV 107.5 MPH)
Ruben Velasco Jr. to second
Runner from 2nd tries for 3rd, SAFE, no throw by CF
Batting: RHB Josiah Wright 0-0: Called Strike
0-1: Ground out U3 (Groundball, 3, EV 86.2 MPH)
Top of the 1st over - 0 runs, 1 hit, 0 errors, 2 left on base; Birmingham 0 - Frisco 0
BOTTOM OF THE 1ST
Frisco RoughRiders batting - Pitching for Birmingham Barons : LHP Matt Granados
Pitching: LHP Matt Granados
Batting: RHB Doug Hammertime 0-0: Ball
1-0: Ball
2-0: Ball
3-0: Base on Balls
Batting: RHB Andrew Clarke 0-0: Swinging Strike
0-1: Ball
1-1: Swinging Strike
1-2: Ball
2-2: Strikes out swinging
Batting: RHB Dale Aubrey 0-0: Called Strike
Doug Hammertime steals 2nd base
0-1: Swinging Strike
0-2: Foul Ball, location: 2F
0-2: Fly out, F7 (Flyball, 7D, EV 104.4 MPH)
Batting: RHB Josh Ferguson 0-0: Ball
1-0: Called Strike
1-1: Foul Ball, location: 2F
1-2: Foul Ball, location: 2F
1-2: Foul Ball, location: 2F
1-2: Ground out 6-3 (Groundball, 6S, EV 67.5 MPH)
Bottom of the 1st over - 0 runs, 0 hits, 0 errors, 1 left on base; Birmingham 0 - Frisco 0
TOP OF THE 2ND
Birmingham Barons batting - Pitching for Frisco RoughRiders : RHP Jeff Kidd
Batting: RHB Mike Savage 0-0: Fly out, F8 (Flyball, 8RM, EV 90.0 MPH)
Batting: SHB Josh Conner 0-0: Ground out 4-3 (Groundball, 4, EV 96.2 MPH)
Batting: LHB Noel Wilson 0-0: Called Strike
0-1: Ground out 6-3 (Groundball, 6, EV 94.4 MPH)
Top of the 2nd over - 0 runs, 0 hits, 0 errors, 0 left on base; Birmingham 0 - Frisco 0
BOTTOM OF THE 2ND
Frisco RoughRiders batting - Pitching for Birmingham Barons : LHP Matt Granados
Batting: RHB Jose Pineda 0-0: Called Strike
0-1: Swinging Strike
0-2: Ball
1-2: SINGLE (Flyball, 6MD, EV 90.6 MPH)
Batting: LHB Yasahiko Teshima 0-0: Ball
1-0: Called Strike
Jose Pineda steals 2nd base
1-1: Ball
2-1: Called Strike
2-2: Ball
3-2: Fly out, F8 (Line Drive, 8LD, EV 107.5 MPH)
Runner from 2nd tags up, SAFE at 3rd with throw by CF
Batting: RHB Joe Kemp 0-0: Fly out, F7 (Flyball, 78S, EV 88.1 MPH)
Batting: RHB Matt Sanders 0-0: Ball
Wild Pitch!
Jose Pineda scores
1-0: Foul Ball, location: 2F
1-1: Ground out 5-3 (Groundball, 15, EV 82.5 MPH)
Bottom of the 2nd over - 1 run, 1 hit, 0 errors, 0 left on base; Birmingham 0 - Frisco 1
TOP OF THE 3RD
Birmingham Barons batting - Pitching for Frisco RoughRiders : RHP Jeff Kidd
Batting: RHB John Iddings 0-0: Ball
1-0: Ground out 5-3 (Groundball, 56, EV 86.9 MPH)
Batting: LHB Dalton Silveira 0-0: Called Strike
0-1: Ball
1-1: Ball
2-1: SINGLE (Groundball, 34D, EV 103.1 MPH)
Batting: LHB Larry Myers 0-0: Ball
Dalton Silveira steals 2nd base
1-0: SINGLE (Groundball, 6MD, EV 106.9 MPH)
Dalton Silveira to third
Runner from 3rd tries for Home, SAFE, throw by CF to home
Batting: SHB Ruben Velasco Jr. 0-0: Foul Ball, location: 2F
0-1: Swinging Strike
0-2: Foul Ball, location: 2F
0-2: TRIPLE (Line Drive, 89XD, EV 107.5 MPH)
Larry Myers scores
Batting: LHB Matt Hyde 0-0: Ball
1-0: Ball
2-0: Called Strike
2-1: Swinging Strike
2-2: Fly out, F8 (Flyball, 8LXD, EV 111.9 MPH)
Runner from 3rd tags up, SCORES, no throw by CF
Batting: RHB Josiah Wright 0-0: Ball
1-0: SINGLE (Line Drive, 8RS, EV 99.4 MPH)
Batting: RHB Mike Savage Pickoff Throw to First - Out! 1-3
Top of the 3rd over - 3 runs, 4 hits, 0 errors, 0 left on base; Birmingham 3 - Frisco 1
BOTTOM OF THE 3RD
Frisco RoughRiders batting - Pitching for Birmingham Barons : LHP Matt Granados
Batting: RHB Darnell Jones 0-0: Ball
1-0: Ground out 6-3 (Groundball, 6, EV 105.0 MPH)
Batting: RHB Doug Hammertime 0-0: Foul Ball, location: 2F
0-1: Ball
1-1: Fly out, F8 (Flyball, 78D, EV 105.0 MPH)
Batting: RHB Andrew Clarke 0-0: Ball
1-0: Ball
2-0: Ball
3-0: Base on Balls
Batting: RHB Dale Aubrey 0-0: Ball
1-0: Ground out 4-3 (Groundball, 4, EV 101.9 MPH)
Bottom of the 3rd over - 0 runs, 0 hits, 0 errors, 1 left on base; Birmingham 3 - Frisco 1
TOP OF THE 4TH
Birmingham Barons batting - Pitching for Frisco RoughRiders : RHP Jeff Kidd
Batting: RHB Mike Savage 0-0: Ball
1-0: Foul Ball, location: 2F
1-1: Foul Ball, location: 2F
1-2: Ground out U3 (Groundball, 34S, EV 63.8 MPH)
Batting: SHB Josh Conner 0-0: Called Strike
0-1: Ball
1-1: Foul Ball, location: 2F
1-2: Ground out 4-3 (Groundball, 34, EV 108.1 MPH)
Batting: LHB Noel Wilson 0-0: Called Strike
0-1: SINGLE (Groundball, 56D, EV 103.8 MPH)
Batting: RHB John Iddings 0-0: Ball
1-0: Foul Ball, location: 2F
1-1: Ground out 4-3 (Groundball, 4, EV 86.2 MPH)
Top of the 4th over - 0 runs, 1 hit, 0 errors, 1 left on base; Birmingham 3 - Frisco 1
BOTTOM OF THE 4TH
Frisco RoughRiders batting - Pitching for Birmingham Barons : LHP Matt Granados
Batting: RHB Josh Ferguson 0-0: Foul Ball, location: 2F
0-1: Ground out 5-3 (Groundball, 5, EV 109.4 MPH)
Batting: RHB Jose Pineda 0-0: Ball
1-0: Ground out 6-3 (Groundball, 6, EV 81.9 MPH)
Batting: LHB Yasahiko Teshima 0-0: Fly out, F7 (Line Drive, 7S, EV 94.4 MPH)
Bottom of the 4th over - 0 runs, 0 hits, 0 errors, 0 left on base; Birmingham 3 - Frisco 1
TOP OF THE 5TH
Birmingham Barons batting - Pitching for Frisco RoughRiders : RHP Jeff Kidd
Batting: LHB Dalton Silveira 0-0: Ball
1-0: Ground out 5-3 (Groundball, 56, EV 104.4 MPH)
Batting: LHB Larry Myers 0-0: Ball
1-0: Ball
2-0: Called Strike
2-1: Fly out, F5 (Flyball, 56D, EV 80.0 MPH)
Batting: SHB Ruben Velasco Jr. 0-0: Called Strike
0-1: Swinging Strike
0-2: Strikes out swinging
Top of the 5th over - 0 runs, 0 hits, 0 errors, 0 left on base; Birmingham 3 - Frisco 1
BOTTOM OF THE 5TH
Frisco RoughRiders batting - Pitching for Birmingham Barons : LHP Matt Granados
Batting: RHB Joe Kemp 0-0: Ball
1-0: Ball
2-0: Called Strike
2-1: Called Strike
2-2: Strikes out swinging
Batting: RHB Matt Sanders 0-0: Ball
1-0: Ground out 4-3 (Groundball, 34, EV 78.8 MPH)
Batting: RHB Darnell Jones 0-0: Ball
1-0: Ball
2-0: Ground out 3-1 (Groundball, 34, EV 106.2 MPH)
Bottom of the 5th over - 0 runs, 0 hits, 0 errors, 0 left on base; Birmingham 3 - Frisco 1
TOP OF THE 6TH
Birmingham Barons batting - Pitching for Frisco RoughRiders : RHP Jeff Kidd
Batting: LHB Matt Hyde 0-0: Ground out 6-3 (Groundball, 6D, EV 80.0 MPH)
Batting: RHB Josiah Wright 0-0: Ball
1-0: Ball
2-0: Fly out, F7 (Flyball, 7S, EV 94.4 MPH)
Batting: RHB Mike Savage 0-0: Swinging Strike
0-1: Ball
1-1: Foul Ball, location: 2F
1-2: Ball
2-2: Ball
3-2: Strikes out swinging
Top of the 6th over - 0 runs, 0 hits, 0 errors, 0 left on base; Birmingham 3 - Frisco 1
BOTTOM OF THE 6TH
Frisco RoughRiders batting - Pitching for Birmingham Barons : LHP Matt Granados
Batting: RHB Doug Hammertime 0-0: Called Strike
0-1: Foul Ball, location: 2F
0-2: Ball
1-2: DOUBLE (Line Drive, 78XD, EV 103.1 MPH)
Batting: RHB Andrew Clarke 0-0: Ball
1-0: Ball
2-0: Ball
3-0: Called Strike
3-1: Foul Ball, location: 2F
3-2: Foul Ball, location: 2F
3-2: Foul Ball, location: 2F
3-2: Ground out 4-3 (Groundball, 34, EV 82.5 MPH)
Doug Hammertime to third
Batting: RHB Dale Aubrey 0-0: Fly out, F9 (Flyball, 89S, EV 91.9 MPH)
Batting: RHB Josh Ferguson 0-0: Ground out U3 (Groundball, 3, EV 84.4 MPH)
Bottom of the 6th over - 0 runs, 1 hit, 0 errors, 1 left on base; Birmingham 3 - Frisco 1
TOP OF THE 7TH
Birmingham Barons batting - Pitching for Frisco RoughRiders : RHP Jeff Kidd
Batting: SHB Josh Conner 0-0: Ball
1-0: Fly out, F8 (Flyball, 8RM, EV 71.9 MPH)
Batting: LHB Noel Wilson 0-0: Ball
1-0: Swinging Strike
1-1: Foul Ball, location: 2F
1-2: Ground out U3 (Groundball, 3, EV 87.5 MPH)
Batting: RHB John Iddings 0-0: Foul Ball, location: 2F
0-1: Swinging Strike
0-2: Strikes out swinging
Top of the 7th over - 0 runs, 0 hits, 0 errors, 0 left on base; Birmingham 3 - Frisco 1
BOTTOM OF THE 7TH
Frisco RoughRiders batting - Pitching for Birmingham Barons : LHP Matt Granados
Batting: RHB Jose Pineda 0-0: Ground out 6-3 (Groundball, 6, EV 88.1 MPH)
Batting: LHB Yasahiko Teshima 0-0: Ground out 4-3 (Groundball, 4S, EV 89.4 MPH)
Batting: RHB Joe Kemp 0-0: Ball
1-0: Ball
2-0: Fly out, F7 (Flyball, 7D, EV 94.4 MPH)
Bottom of the 7th over - 0 runs, 0 hits, 0 errors, 0 left on base; Birmingham 3 - Frisco 1
TOP OF THE 8TH
Birmingham Barons batting - Pitching for Frisco RoughRiders : RHP Jeff Kidd
Batting: LHB Dalton Silveira 0-0: Ball
1-0: Foul Ball, location: 2F
1-1: Ground out 5-3 (Groundball, 56, EV 90.6 MPH)
Batting: LHB Larry Myers 0-0: Called Strike
0-1: Swinging Strike
0-2: Foul Ball, location: 2F
0-2: Ball
1-2: Ball
2-2: Foul Ball, location: 2F
2-2: Foul Ball, location: 2F
2-2: Fly out, F9 (Line Drive, 9, EV 103.1 MPH)
Batting: SHB Ruben Velasco Jr. 0-0: Foul Ball, location: 2F
0-1: SINGLE (Line Drive, 8LS, EV 90.0 MPH)
Batting: LHB Matt Hyde 0-0: Called Strike
0-1: Foul Ball, location: 2F
0-2: Ball
1-2: Foul Ball, location: 2F
1-2: Foul Ball, location: 2F
1-2: Fly out, F8 (Line Drive, 8RD, EV 100.0 MPH)
Top of the 8th over - 0 runs, 1 hit, 0 errors, 1 left on base; Birmingham 3 - Frisco 1
BOTTOM OF THE 8TH
Frisco RoughRiders batting - Pitching for Birmingham Barons : LHP Matt Granados
Batting: RHB Matt Sanders 0-0: Ball
1-0: Foul Ball, location: 2F
1-1: Ball
2-1: Fly out, F8 (Flyball, 8LD, EV 93.1 MPH)
Batting: RHB Darnell Jones 0-0: Foul Ball, location: 2F
0-1: Foul Ball, location: 2F
0-2: Strikes out swinging
Batting: RHB Doug Hammertime 0-0: Ball
1-0: Called Strike
1-1: Ball
2-1: Fly out, F8 (Flyball, 8RD, EV 91.9 MPH)
Bottom of the 8th over - 0 runs, 0 hits, 0 errors, 0 left on base; Birmingham 3 - Frisco 1
TOP OF THE 9TH
Birmingham Barons batting - Pitching for Frisco RoughRiders : RHP Jeff Kidd
Batting: RHB Josiah Wright 0-0: Ball
1-0: Ball
2-0: Foul Ball, location: 2F
2-1: Ground out 6-3 (Groundball, 6, EV 88.1 MPH)
Batting: RHB Mike Savage 0-0: Ball
1-0: Ball
2-0: Fly out, F8 (Flyball, 8LS, EV 86.2 MPH)
Batting: SHB Josh Conner 0-0: Fly out, F7 (Line Drive, 78M, EV 86.2 MPH)
Top of the 9th over - 0 runs, 0 hits, 0 errors, 0 left on base; Birmingham 3 - Frisco 1
BOTTOM OF THE 9TH
Frisco RoughRiders batting - Pitching for Birmingham Barons : LHP Matt Granados
Pitching: LHP Silas Chartier
Batting: RHB Andrew Clarke 0-0: Called Strike
0-1: Swinging Strike
0-2: Ball
1-2: Ground out 5-3 (Groundball, 56, EV 88.1 MPH)
Batting: RHB Dale Aubrey 0-0: Called Strike
0-1: Ball
1-1: Called Strike
1-2: SINGLE (Flyball, 9LS, EV 86.9 MPH)
Batting: RHB Josh Ferguson 0-0: Called Strike
0-1: Ball
1-1: Ball
2-1: Called Strike
2-2: Ball
3-2: Fly out, F7 (Flyball, 78M, EV 96.2 MPH)
Batting: RHB Jose Pineda 0-0: Ball
1-0: Foul Ball, location: 2F
1-1: Ball
2-1: Swinging Strike
2-2: Foul Ball, location: 2F
2-2: Ball
3-2: Ground out 4-3 (Groundball, 34, EV 100.0 MPH)
Bottom of the 9th over - 0 runs, 1 hit, 0 errors, 1 left on base; Birmingham 3 - Frisco 1
Tuesday, March 28th , 2023 - OOTP Baseball 23.10 Build 110